Avalanche vs Sharks

Created - October 18 2007 at 18:36

Goals
1 2 3 T
Avalanche 0 1 1 2
Sharks 0 2 1 3
Shots
1 2 3 T
Avalanche 3 12 13 28
Sharks 7 9 7 23

Period #1

No Goal

Penalities :
Mark Streit (SJS) for Interference (Minor) at 4:10, Gary Roberts (COL) for Boarding (Double Minor) at 9:33, Derek Armstrong (COL) for Tripping (Minor) at 14:40, Marc-Edouard Vlasic (SJS) for High sticking (Minor) at 18:50

Period #2

1. Sharks , Martin Havlat 2 (Sheldon Souray, Jonathan Cheechoo) at 3:52
2. Avalanche , Mike Modano 4 (Gary Roberts, Keith Ballard) at 9:36 (PP)
3. Sharks , Mark Streit 1 (Pavel Datsyuk, Martin Havlat) at 17:50 (PP)

Penalities :
Corey Perry (SJS) for Tripping (Minor) at 8:39, Teppo Numminen (SJS) for Roughing (Minor) at 8:40, Jozef Stumpel (COL) for Roughing (Minor) at 8:40, Kyle Mclaren (SJS) for Charging (Minor) at 11:49, Ville Peltonen (SJS) for Tripping (Minor) at 12:02, Keith Ballard (COL) for Cross-checking (Minor) at 16:23, Kevin Klein (COL) for Hooking (Minor) at 17:12, Ken Klee (COL) for Tripping (Minor) at 19:33

Period #3

4. Sharks , Martin Havlat 3 (Joe Thornton, Jonathan Cheechoo) at 8:38
5. Avalanche , Wojtek Wolski 4 (Jozef Stumpel, Brandon Bochenski) at 15:09 (PP)

Penalities :
Markus Naslund (SJS) for Holding (Minor) at 3:42, Marek Svatos (COL) for Interference (Minor) at 6:37, Kurt Sauer (COL) for Roughing (Minor) at 10:50, Steve Bernier (SJS) for Hooking (Minor) at 13:15, Teppo Numminen (SJS) for Holding (Minor) at 14:41, Martin Rucinsky (COL) for Hooking (Minor) at 17:53, Ken Klee (COL) for Roughing (Minor) at 19:51

Goalie Stats

Martin Biron (COL), 20 saves from 23 shots - (0.870), L, 1-3-0, 60:00 minutes
Cristobal Huet (SJS), 26 saves from 28 shots - (0.929), W, 2-1-0, 60:00 minutes

Players Stats

Avalanche
Player Name              G  A  P  +/- PIM S  H  SB FO MP 
-----------------------------------------------------------
Brandon Bochenski        0  1  1  -1  0   3  0  0  1  14 
Brett Lebda              0  0  0  -1  0   0  1  1  0  17 
Brett Mclean             0  0  0   0  0   1  2  0  8  12 
Derek Armstrong          0  0  0  -1  2   0  2  0  14 14 
Gary Roberts             0  1  1   0  4   3  0  0  0  18 
Joffrey Lupul            0  0  0   0  0   0  0  0  0  14 
Jordan Leopold           0  0  0  -1  0   0  0  1  0  16 
Jozef Stumpel            0  1  1   0  2   3  2  0  24 19 
Keith Ballard            0  1  1  -1  2   5  1  2  0  24 
Ken Klee                 0  0  0   0  4   0  2  3  0  22 
Kevin Klein              0  0  0   0  2   0  1  1  0  21 
Kurt Sauer               0  0  0  -1  2   0  1  1  0  18 
Marek Svatos             0  0  0  -1  2   2  2  0  0  17 
Martin Rucinsky          0  0  0  -1  2   1  1  0  2  17 
Mike Modano              1  0  1  -1  0   5  0  0  32 20 
Mike York                0  0  0   0  0   3  0  0  1  10 
Tyler Arnason            0  0  0   0  0   0  0  0  0  9  
Wojtek Wolski            1  0  1  -1  0   2  4  0  2  17 
Sharks
Player Name              G  A  P  +/- PIM S  H  SB FO MP 
-----------------------------------------------------------
Barret Jackman           0  0  0   2  0   1  1  1  0  22 
Colby Armstrong          0  0  0   0  0   0  1  0  2  9  
Corey Perry              0  0  0   0  2   2  1  1  0  15 
Joe Thornton             0  1  1   2  0   1  0  0  22 16 
Jonathan Cheechoo        0  2  2   2  0   3  2  0  1  15 
Kyle Mclaren             0  0  0   0  2   1  0  1  0  18 
Marc-Edouard Vlasic      0  0  0   0  2   2  1  1  0  16 
Mark Streit              1  0  1   0  2   2  1  1  0  21 
Markus Naslund           0  0  0   0  2   0  1  0  2  17 
Martin Havlat            2  1  3   2  0   2  0  0  0  14 
Milan Michalek           0  0  0   0  0   0  1  0  2  16 
Nik Antropov             0  0  0   0  0   1  0  0  4  5  
Pavel Datsyuk            0  1  1   0  0   3  2  0  27 22 
Sheldon Souray           0  1  1   2  0   2  0  1  0  25 
Steve Bernier            0  0  0   0  2   0  3  0  1  15 
Teppo Numminen           0  0  0   0  4   2  0  0  0  24 
Tomas Plekanec           0  0  0   0  0   1  2  0  23 21 
Ville Peltonen           0  0  0   0  2   0  2  0  0  10 

3 Stars

1 - Martin Havlat (SJS)
2 - Jonathan Cheechoo (SJS)
3 - Wojtek Wolski (COL)

Power Play

Avalanche - 2 on 8 Attempt(s) - 25.00%
Sharks - 1 on 9 Attempt(s) - 11.11%

Penalty Kill

Avalanche - 8 on 9 Attempt(s) - 88.89% - Score 0 goal in Penalty Kill
Sharks - 6 on 8 Attempt(s) - 75.00% - Score 0 goal in Penalty Kill

Game Notes

6:37 of 3rd period - Penalty Shot by Tomas Plekanec for Sharks - Stopped by Martin Biron

Finance

Level 1 -- Attendance: 3395 (61.73%) -- Ticket Income $339,500.00
Level 2 -- Attendance: 2843 (63.17%) -- Ticket Income $170,580.00
Level 3 -- Attendance: 1706 (85.30%) -- Ticket Income $59,710.00
Level 4 -- Attendance: 3810 (84.99%) -- Ticket Income $76,200.00
Luxury Box -- Attendance: 734 (73.45%) -- Ticket Income $146,800.00
Game was played at the HP Pavilion
Total Attendance: 12488 (71.43%)
Total Ticket Income: $804,687.10
Other Income: $171,156.30
Total Income: $975,843.00


Play by Play

Period #1

0:01 of 1st period - Joe Thornton wins face-off versus Jozef Stumpel in neutral zone.
0:04 of 1st period - Jozef Stumpel is hit by Jonathan Cheechoo and loses puck.
0:13 of 1st period - Shot by Jonathan Cheechoo.
0:13 of 1st period - Stopped by Martin Biron without a rebound.
0:14 of 1st period - Pavel Datsyuk wins face-off versus Mike Modano in Avalanche zone.
0:58 of 1st period - Off-side.
0:59 of 1st period - Joe Thornton wins face-off versus Jozef Stumpel in neutral zone.
2:26 of 1st period - Icing by Martin Rucinsky.
2:27 of 1st period - Pavel Datsyuk wins face-off versus Derek Armstrong in Avalanche zone.
3:07 of 1st period - Icing by Pavel Datsyuk.
3:08 of 1st period - Pavel Datsyuk wins face-off versus Mike Modano in Sharks zone.
3:17 of 1st period - Shot by Pavel Datsyuk.
3:17 of 1st period - Shot Misses the Net.
3:47 of 1st period - Icing by Marc-Edouard Vlasic.
3:48 of 1st period - Tomas Plekanec wins face-off versus Brett Mclean in Sharks zone.
4:10 of 1st period - Minor Penalty to Mark Streit for Interference.
4:11 of 1st period - Mike Modano wins face-off versus Pavel Datsyuk in Sharks zone.
4:12 of 1st period - Shot by Keith Ballard.
4:12 of 1st period - Stopped by Cristobal Huet without a rebound.
4:13 of 1st period - Pavel Datsyuk wins face-off versus Mike Modano in Sharks zone.
7:09 of 1st period - Tomas Plekanec is hit by Martin Rucinsky and loses puck.
8:32 of 1st period - Icing by Kurt Sauer.
8:33 of 1st period - Nik Antropov wins face-off versus Brandon Bochenski in Avalanche zone.
8:41 of 1st period - Icing by Kevin Klein.
8:42 of 1st period - Mike Modano wins face-off versus Pavel Datsyuk in Avalanche zone.
9:00 of 1st period - Off-side.
9:01 of 1st period - Derek Armstrong wins face-off versus Colby Armstrong in neutral zone.
9:08 of 1st period - Shot by Derek Armstrong.
9:08 of 1st period - Shot Blocked by Sheldon Souray.
9:12 of 1st period - Shot by Marek Svatos.
9:12 of 1st period - Stopped by Cristobal Huet without a rebound.
9:13 of 1st period - Jozef Stumpel wins face-off versus Tomas Plekanec in Sharks zone.
9:33 of 1st period - Double Minor Penalty to Gary Roberts for Boarding.
9:34 of 1st period - Pavel Datsyuk wins face-off versus Mike Modano in neutral zone.
10:29 of 1st period - Shot by Jonathan Cheechoo.
10:29 of 1st period - Shot Misses the Net.
10:33 of 1st period - Shot by Jonathan Cheechoo.
10:33 of 1st period - Stopped by Martin Biron without a rebound.
10:34 of 1st period - Joe Thornton wins face-off versus Jozef Stumpel in Avalanche zone.
10:34 of 1st period - Markus Naslund is hit by Jozef Stumpel and loses puck.
10:36 of 1st period - Markus Naslund is hit by Kurt Sauer.
13:03 of 1st period - Shot by Pavel Datsyuk.
13:03 of 1st period - Stopped by Martin Biron without a rebound.
13:04 of 1st period - Mike Modano wins face-off versus Pavel Datsyuk in Avalanche zone.
13:35 of 1st period - Shot by Martin Havlat.
13:35 of 1st period - Deflect By Corey Perry.
13:35 of 1st period - Stopped by Martin Biron with a rebound.
13:37 of 1st period - Shot by Marc-Edouard Vlasic.
13:37 of 1st period - Stopped by Martin Biron with a rebound.
13:39 of 1st period - Shot by Marc-Edouard Vlasic.
13:39 of 1st period - Stopped by Martin Biron without a rebound.
13:40 of 1st period - Brett Mclean wins face-off versus Tomas Plekanec in Avalanche zone.
14:40 of 1st period - Minor Penalty to Derek Armstrong for Tripping.
14:41 of 1st period - Jozef Stumpel wins face-off versus Joe Thornton in Avalanche zone.
14:41 of 1st period - Jozef Stumpel is hit by Markus Naslund.
14:48 of 1st period - Icing by Sheldon Souray.
14:49 of 1st period - Joe Thornton wins face-off versus Jozef Stumpel in Sharks zone.
15:11 of 1st period - Icing by Joe Thornton.
15:12 of 1st period - Joe Thornton wins face-off versus Mike Modano in Sharks zone.
15:18 of 1st period - Off-side.
15:19 of 1st period - Mike Modano wins face-off versus Milan Michalek in neutral zone.
15:48 of 1st period - Shot by Pavel Datsyuk.
15:48 of 1st period - Shot Blocked by Keith Ballard.
15:52 of 1st period - Shot by Pavel Datsyuk.
15:52 of 1st period - Shot Misses the Net.
15:54 of 1st period - Shot by Mark Streit.
15:54 of 1st period - Stopped by Martin Biron without a rebound.
15:55 of 1st period - Jozef Stumpel wins face-off versus Joe Thornton in Avalanche zone.
16:06 of 1st period - Kevin Klein is hit by Jonathan Cheechoo and loses puck.
16:16 of 1st period - Icing by Joe Thornton.
16:17 of 1st period - Joe Thornton wins face-off versus Mike Modano in Sharks zone.
17:32 of 1st period - Off-side.
17:33 of 1st period - Milan Michalek wins face-off versus Jozef Stumpel in neutral zone.
17:36 of 1st period - Shot by Kyle Mclaren.
17:36 of 1st period - Shot Blocked by Ken Klee.
17:38 of 1st period - Shot by Pavel Datsyuk.
17:38 of 1st period - Deflect By Markus Naslund.
17:38 of 1st period - Shot Blocked by Ken Klee.
17:42 of 1st period - Shot by Pavel Datsyuk.
17:42 of 1st period - Shot Misses the Net.
17:49 of 1st period - Off-side.
17:50 of 1st period - Mike Modano wins face-off versus Nik Antropov in neutral zone.
17:59 of 1st period - Mike Modano is hit by Ville Peltonen and loses puck.
18:04 of 1st period - Mike Modano is hit by Ville Peltonen and loses puck.
18:50 of 1st period - Minor Penalty to Marc-Edouard Vlasic for High sticking.
18:51 of 1st period - Mike Modano wins face-off versus Tomas Plekanec in Sharks zone.
19:19 of 1st period - Shot by Gary Roberts.
19:19 of 1st period - Stopped by Cristobal Huet without a rebound.
19:20 of 1st period - Jozef Stumpel wins face-off versus Pavel Datsyuk in Sharks zone.

Period #2

0:01 of 2nd period - Pavel Datsyuk wins face-off versus Mike Modano in neutral zone.
0:04 of 2nd period - Joffrey Lupul is hit by Colby Armstrong and loses puck.
1:54 of 2nd period - Shot by Nik Antropov.
1:54 of 2nd period - Shot Misses the Net.
1:56 of 2nd period - Shot by Sheldon Souray.
1:56 of 2nd period - Shot Blocked by Ken Klee.
1:58 of 2nd period - Shot by Sheldon Souray.
1:58 of 2nd period - Shot Blocked by Kevin Klein.
2:02 of 2nd period - Shot by Nik Antropov.
2:02 of 2nd period - Shot Misses the Net.
2:29 of 2nd period - Icing by Ville Peltonen.
2:30 of 2nd period - Nik Antropov wins face-off versus Derek Armstrong in Sharks zone.
2:30 of 2nd period - Nik Antropov is hit by Derek Armstrong.
2:41 of 2nd period - Icing by Martin Rucinsky.
2:42 of 2nd period - Tomas Plekanec wins face-off versus Derek Armstrong in Avalanche zone.
2:48 of 2nd period - Tomas Plekanec is hit by Derek Armstrong and loses puck.
3:45 of 2nd period - Shot by Gary Roberts.
3:45 of 2nd period - Stopped by Cristobal Huet without a rebound.
3:46 of 2nd period - Jonathan Cheechoo wins face-off versus Mike Modano in Sharks zone.
3:52 of 2nd period - Shot by Martin Havlat.
3:52 of 2nd period - Goal by Martin Havlat - Avalanche : 0 - Sharks : 1.
3:53 of 2nd period - Pavel Datsyuk wins face-off versus Jozef Stumpel in neutral zone.
4:06 of 2nd period - Shot by Pavel Datsyuk.
4:06 of 2nd period - Deflect By Markus Naslund.
4:06 of 2nd period - Shot Misses the Net.
4:46 of 2nd period - Off-side.
4:47 of 2nd period - Derek Armstrong wins face-off versus Joe Thornton in neutral zone.
4:57 of 2nd period - Icing by Joe Thornton.
4:58 of 2nd period - Mike Modano wins face-off versus Joe Thornton in Sharks zone.
5:05 of 2nd period - Shot by Mike Modano.
5:05 of 2nd period - Shot Misses the Net.
5:09 of 2nd period - Shot by Brandon Bochenski.
5:09 of 2nd period - Stopped by Cristobal Huet without a rebound.
5:10 of 2nd period - Tomas Plekanec wins face-off versus Derek Armstrong in Sharks zone.
6:11 of 2nd period - Shot by Jonathan Cheechoo.
6:11 of 2nd period - Shot Misses the Net.
6:19 of 2nd period - Shot by Jonathan Cheechoo.
6:19 of 2nd period - Deflect By Joe Thornton.
6:19 of 2nd period - Shot Misses the Net.
6:23 of 2nd period - Shot by Jonathan Cheechoo.
6:23 of 2nd period - Shot Blocked by Brett Lebda.
6:25 of 2nd period - Shot by Joe Thornton.
6:25 of 2nd period - Stopped by Martin Biron without a rebound.
6:26 of 2nd period - Pavel Datsyuk wins face-off versus Mike Modano in Avalanche zone.
6:26 of 2nd period - Markus Naslund is hit by Kevin Klein and loses puck.
6:43 of 2nd period - Kyle Mclaren is hit by Wojtek Wolski and loses puck.
7:34 of 2nd period - Shot by Corey Perry.
7:34 of 2nd period - Stopped by Martin Biron without a rebound.
7:35 of 2nd period - Joe Thornton wins face-off versus Brett Mclean in Avalanche zone.
7:51 of 2nd period - Joe Thornton is hit by Brett Mclean and loses puck.
8:12 of 2nd period - Shot by Tyler Arnason.
8:12 of 2nd period - Deflect By Mike York.
8:12 of 2nd period - Stopped by Cristobal Huet without a rebound.
8:13 of 2nd period - Jozef Stumpel wins face-off versus Tomas Plekanec in Sharks zone.
8:13 of 2nd period - Gary Roberts is hit by Marc-Edouard Vlasic and loses puck.
8:32 of 2nd period - Keith Ballard is hit by Tomas Plekanec and loses puck.
8:39 of 2nd period - Shot by Gary Roberts.
8:39 of 2nd period - Deflect By Jozef Stumpel.
8:39 of 2nd period - Stopped by Cristobal Huet without a rebound.
8:39 of 2nd period - Minor Penalty to Corey Perry for Tripping.
8:40 of 2nd period - Jozef Stumpel wins face-off versus Pavel Datsyuk in Sharks zone.
8:40 of 2nd period - Minor Penalty to Teppo Numminen for Roughing.
8:40 of 2nd period - Minor Penalty to Jozef Stumpel for Roughing.
8:41 of 2nd period - Wojtek Wolski wins face-off versus Pavel Datsyuk in Sharks zone.
9:04 of 2nd period - Shot by Kevin Klein.
9:04 of 2nd period - Shot Misses the Net.
9:34 of 2nd period - Shot by Mike Modano.
9:34 of 2nd period - Shot Misses the Net.
9:36 of 2nd period - Shot by Mike Modano.
9:36 of 2nd period - Goal by Mike Modano - Avalanche : 1 - Sharks : 1.
9:37 of 2nd period - Joe Thornton wins face-off versus Mike Modano in neutral zone.
9:40 of 2nd period - Shot by Joe Thornton.
9:40 of 2nd period - Shot Misses the Net.
10:35 of 2nd period - Shot by Pavel Datsyuk.
10:35 of 2nd period - Deflect By Martin Havlat.
10:35 of 2nd period - Shot Blocked by Jordan Leopold.
10:39 of 2nd period - Shot by Pavel Datsyuk.
10:39 of 2nd period - Stopped by Martin Biron without a rebound.
10:40 of 2nd period - Brett Mclean wins face-off versus Pavel Datsyuk in Avalanche zone.
10:45 of 2nd period - Shot by Tyler Arnason.
10:45 of 2nd period - Deflect By Mike York.
10:45 of 2nd period - Shot Blocked by Kyle Mclaren.
10:47 of 2nd period - Shot by Brett Mclean.
10:47 of 2nd period - Shot Misses the Net.
10:51 of 2nd period - Shot by Mike York.
10:51 of 2nd period - Shot Misses the Net.
10:53 of 2nd period - Shot by Keith Ballard.
10:53 of 2nd period - Stopped by Cristobal Huet without a rebound.
10:54 of 2nd period - Tomas Plekanec wins face-off versus Mike York in Sharks zone.
10:59 of 2nd period - Shot by Tomas Plekanec.
10:59 of 2nd period - Deflect By Corey Perry.
10:59 of 2nd period - Shot Blocked by Keith Ballard.
11:04 of 2nd period - Mike York is hit by Corey Perry and loses puck.
11:15 of 2nd period - Shot by Brett Mclean.
11:15 of 2nd period - Stopped by Cristobal Huet without a rebound.
11:16 of 2nd period - Derek Armstrong wins face-off versus Pavel Datsyuk in Sharks zone.
11:16 of 2nd period - Derek Armstrong is hit by Pavel Datsyuk.
11:49 of 2nd period - Minor Penalty to Kyle Mclaren for Charging.
11:50 of 2nd period - Mike Modano wins face-off versus Tomas Plekanec in Sharks zone.
12:02 of 2nd period - Minor Penalty to Ville Peltonen for Tripping.
12:03 of 2nd period - Tomas Plekanec wins face-off versus Jozef Stumpel in Sharks zone.
13:12 of 2nd period - Shot by Keith Ballard.
13:12 of 2nd period - Shot Blocked by Mark Streit.
13:16 of 2nd period - Shot by Mike Modano.
13:16 of 2nd period - Shot Misses the Net.
13:18 of 2nd period - Shot by Keith Ballard.
13:18 of 2nd period - Stopped by Cristobal Huet without a rebound.
13:19 of 2nd period - Tomas Plekanec wins face-off versus Jozef Stumpel in Sharks zone.
13:19 of 2nd period - Mark Streit is hit by Wojtek Wolski and loses puck.
13:48 of 2nd period - Sheldon Souray is hit by Wojtek Wolski and loses puck.
14:11 of 2nd period - Shot by Nik Antropov.
14:11 of 2nd period - Shot Misses the Net.
14:13 of 2nd period - Shot by Sheldon Souray.
14:13 of 2nd period - Stopped by Martin Biron without a rebound.
14:14 of 2nd period - Derek Armstrong wins face-off versus Tomas Plekanec in Avalanche zone.
14:14 of 2nd period - Kevin Klein is hit by Steve Bernier and loses puck.
14:22 of 2nd period - Icing by Kevin Klein.
14:23 of 2nd period - Derek Armstrong wins face-off versus Pavel Datsyuk in Avalanche zone.
14:59 of 2nd period - Icing by Pavel Datsyuk.
15:00 of 2nd period - Brett Mclean wins face-off versus Pavel Datsyuk in Sharks zone.
15:11 of 2nd period - Shot by Tyler Arnason.
15:11 of 2nd period - Shot Misses the Net.
15:18 of 2nd period - Pavel Datsyuk is hit by Ken Klee and loses puck.
15:24 of 2nd period - Icing by Keith Ballard.
15:25 of 2nd period - Brett Mclean wins face-off versus Joe Thornton in Avalanche zone.
15:29 of 2nd period - Off-side.
15:30 of 2nd period - Mike Modano wins face-off versus Steve Bernier in neutral zone.
15:35 of 2nd period - Shot by Wojtek Wolski.
15:35 of 2nd period - Stopped by Cristobal Huet without a rebound.
15:36 of 2nd period - Jozef Stumpel wins face-off versus Joe Thornton in Sharks zone.
15:49 of 2nd period - Shot by Jozef Stumpel.
15:49 of 2nd period - Stopped by Cristobal Huet without a rebound.
15:50 of 2nd period - Tomas Plekanec wins face-off versus Derek Armstrong in Sharks zone.
15:50 of 2nd period - Mark Streit is hit by Marek Svatos and loses puck.
15:59 of 2nd period - Shot by Derek Armstrong.
15:59 of 2nd period - Shot Misses the Net.
16:03 of 2nd period - Shot by Martin Rucinsky.
16:03 of 2nd period - Stopped by Cristobal Huet without a rebound.
16:04 of 2nd period - Mike Modano wins face-off versus Joe Thornton in Sharks zone.
16:05 of 2nd period - Shot by Brandon Bochenski.
16:05 of 2nd period - Stopped by Cristobal Huet without a rebound.
16:06 of 2nd period - Joe Thornton wins face-off versus Wojtek Wolski in Sharks zone.
16:15 of 2nd period - Shot by Joe Thornton.
16:15 of 2nd period - Deflect By Martin Havlat.
16:15 of 2nd period - Shot Misses the Net.
16:19 of 2nd period - Shot by Joe Thornton.
16:19 of 2nd period - Shot Misses the Net.
16:21 of 2nd period - Shot by Barret Jackman.
16:21 of 2nd period - Stopped by Martin Biron without a rebound.
16:22 of 2nd period - Tomas Plekanec wins face-off versus Jozef Stumpel in Avalanche zone.
16:22 of 2nd period - Tomas Plekanec is hit by Ken Klee.
16:23 of 2nd period - Minor Penalty to Keith Ballard for Cross-checking.
16:24 of 2nd period - Pavel Datsyuk wins face-off versus Mike Modano in Avalanche zone.
16:37 of 2nd period - Shot by Milan Michalek.
16:37 of 2nd period - Shot Blocked by Kurt Sauer.
16:41 of 2nd period - Shot by Pavel Datsyuk.
16:41 of 2nd period - Stopped by Martin Biron without a rebound.
16:42 of 2nd period - Jozef Stumpel wins face-off versus Markus Naslund in Avalanche zone.
16:55 of 2nd period - Shot by Joe Thornton.
16:55 of 2nd period - Deflect By Markus Naslund.
16:55 of 2nd period - Shot Misses the Net.
17:12 of 2nd period - Minor Penalty to Kevin Klein for Hooking.
17:13 of 2nd period - Pavel Datsyuk wins face-off versus Jozef Stumpel in Avalanche zone.
17:14 of 2nd period - Shot by Milan Michalek.
17:14 of 2nd period - Shot Misses the Net.
17:50 of 2nd period - Shot by Mark Streit.
17:50 of 2nd period - Goal by Mark Streit - Avalanche : 1 - Sharks : 2.
17:51 of 2nd period - Jozef Stumpel wins face-off versus Joe Thornton in neutral zone.
17:54 of 2nd period - Markus Naslund is hit by Jozef Stumpel and loses puck.
18:27 of 2nd period - Shot by Sheldon Souray.
18:27 of 2nd period - Shot Misses the Net.
18:29 of 2nd period - Shot by Sheldon Souray.
18:29 of 2nd period - Stopped by Martin Biron with a rebound.
19:30 of 2nd period - Shot by Corey Perry.
19:30 of 2nd period - Shot Misses the Net.
19:33 of 2nd period - Minor Penalty to Ken Klee for Tripping.
19:34 of 2nd period - Joe Thornton wins face-off versus Mike Modano in Avalanche zone.

Period #3

0:01 of 3rd period - Joe Thornton wins face-off versus Mike Modano in neutral zone.
0:40 of 3rd period - Shot by Jonathan Cheechoo.
0:40 of 3rd period - Stopped by Martin Biron with a rebound.
0:45 of 3rd period - Shot by Teppo Numminen.
0:45 of 3rd period - Stopped by Martin Biron without a rebound.
0:46 of 3rd period - Pavel Datsyuk wins face-off versus Mike Modano in Avalanche zone.
2:37 of 3rd period - Tyler Arnason is hit by Mark Streit and loses puck.
3:33 of 3rd period - Shot by Mike Modano.
3:33 of 3rd period - Stopped by Cristobal Huet without a rebound.
3:34 of 3rd period - Pavel Datsyuk wins face-off versus Derek Armstrong in Sharks zone.
3:38 of 3rd period - Pavel Datsyuk is hit by Brett Lebda and loses puck.
3:42 of 3rd period - Minor Penalty to Markus Naslund for Holding.
3:43 of 3rd period - Tomas Plekanec wins face-off versus Jozef Stumpel in neutral zone.
3:43 of 3rd period - Tomas Plekanec is hit by Wojtek Wolski.
3:50 of 3rd period - Icing by Jozef Stumpel.
3:51 of 3rd period - Pavel Datsyuk wins face-off versus Jozef Stumpel in Avalanche zone.
4:40 of 3rd period - Shot by Mike Modano.
4:40 of 3rd period - Stopped by Cristobal Huet without a rebound.
4:41 of 3rd period - Joe Thornton wins face-off versus Mike Modano in Sharks zone.
4:51 of 3rd period - Shot by Keith Ballard.
4:51 of 3rd period - Stopped by Cristobal Huet with a rebound.
4:53 of 3rd period - Shot by Joffrey Lupul.
4:53 of 3rd period - Shot Misses the Net.
4:55 of 3rd period - Shot by Joffrey Lupul.
4:55 of 3rd period - Deflect By Mike Modano.
4:55 of 3rd period - Stopped by Cristobal Huet without a rebound.
4:56 of 3rd period - Tomas Plekanec wins face-off versus Jozef Stumpel in Sharks zone.
5:42 of 3rd period - Mike Modano is hit by Steve Bernier and loses puck.
5:49 of 3rd period - Shot by Corey Perry.
5:49 of 3rd period - Shot Misses the Net.
5:53 of 3rd period - Shot by Tomas Plekanec.
5:53 of 3rd period - Stopped by Martin Biron without a rebound.
5:54 of 3rd period - Brett Mclean wins face-off versus Joe Thornton in Avalanche zone.
5:59 of 3rd period - Shot by Mike York.
5:59 of 3rd period - Stopped by Cristobal Huet with a rebound.
6:01 of 3rd period - Shot by Mike York.
6:01 of 3rd period - Stopped by Cristobal Huet without a rebound.
6:02 of 3rd period - Tomas Plekanec wins face-off versus Martin Rucinsky in Sharks zone.
6:12 of 3rd period - Tomas Plekanec is hit by Marek Svatos and loses puck.
6:37 of 3rd period - Minor Penalty to Marek Svatos for Interference.
6:37 of 3rd period - Penalty Shot by Tomas Plekanec for Sharks.
6:37 of 3rd period - Stopped by Martin Biron.
6:38 of 3rd period - Mike Modano wins face-off versus Markus Naslund in Avalanche zone.
6:38 of 3rd period - Mike Modano is hit by Milan Michalek.
6:56 of 3rd period - Shot by Pavel Datsyuk.
6:56 of 3rd period - Shot Misses the Net.
7:18 of 3rd period - Ken Klee is hit by Pavel Datsyuk and loses puck.
8:38 of 3rd period - Shot by Martin Havlat.
8:38 of 3rd period - Goal by Martin Havlat - Avalanche : 1 - Sharks : 3.
8:39 of 3rd period - Mike Modano wins face-off versus Tomas Plekanec in neutral zone.
8:39 of 3rd period - Mike Modano is hit by Tomas Plekanec.
8:57 of 3rd period - Shot by Wojtek Wolski.
8:57 of 3rd period - Shot Blocked by Corey Perry.
8:59 of 3rd period - Shot by Brandon Bochenski.
8:59 of 3rd period - Stopped by Cristobal Huet without a rebound.
9:00 of 3rd period - Brett Mclean wins face-off versus Colby Armstrong in Sharks zone.
9:32 of 3rd period - Shot by Colby Armstrong.
9:32 of 3rd period - Shot Hit the Post.
9:34 of 3rd period - Shot by Nik Antropov.
9:34 of 3rd period - Deflect By Ville Peltonen.
9:34 of 3rd period - Shot Misses the Net.
9:36 of 3rd period - Shot by Nik Antropov.
9:36 of 3rd period - Stopped by Martin Biron without a rebound.
9:37 of 3rd period - Derek Armstrong wins face-off versus Tomas Plekanec in Avalanche zone.
9:37 of 3rd period - Derek Armstrong is hit by Steve Bernier.
9:45 of 3rd period - Shot by Martin Rucinsky.
9:45 of 3rd period - Shot Blocked by Marc-Edouard Vlasic.
9:49 of 3rd period - Shot by Derek Armstrong.
9:49 of 3rd period - Shot Misses the Net.
9:53 of 3rd period - Shot by Marek Svatos.
9:53 of 3rd period - Stopped by Cristobal Huet with a rebound.
10:50 of 3rd period - Minor Penalty to Kurt Sauer for Roughing.
10:51 of 3rd period - Mike Modano wins face-off versus Joe Thornton in Avalanche zone.
11:22 of 3rd period - Shot by Teppo Numminen.
11:22 of 3rd period - Stopped by Martin Biron without a rebound.
11:23 of 3rd period - Martin Rucinsky wins face-off versus Pavel Datsyuk in Avalanche zone.
12:41 of 3rd period - Joe Thornton is hit by Brett Mclean and loses puck.
13:14 of 3rd period - Shot by Marek Svatos.
13:14 of 3rd period - Shot Misses the Net.
13:15 of 3rd period - Minor Penalty to Steve Bernier for Hooking.
13:16 of 3rd period - Tomas Plekanec wins face-off versus Mike Modano in Sharks zone.
13:28 of 3rd period - Shot by Keith Ballard.
13:28 of 3rd period - Stopped by Cristobal Huet with a rebound.
13:30 of 3rd period - Shot by Mike Modano.
13:30 of 3rd period - Stopped by Cristobal Huet with a rebound.
13:32 of 3rd period - Shot by Mike Modano.
13:32 of 3rd period - Deflect By Gary Roberts.
13:32 of 3rd period - Stopped by Cristobal Huet without a rebound.
13:33 of 3rd period - Tomas Plekanec wins face-off versus Jozef Stumpel in Sharks zone.
13:56 of 3rd period - Shot by Jozef Stumpel.
13:56 of 3rd period - Shot Blocked by Barret Jackman.
13:58 of 3rd period - Shot by Jozef Stumpel.
13:58 of 3rd period - Stopped by Cristobal Huet without a rebound.
13:59 of 3rd period - Pavel Datsyuk wins face-off versus Mike Modano in Sharks zone.
13:59 of 3rd period - Pavel Datsyuk is hit by Keith Ballard.
14:24 of 3rd period - Shot by Mike Modano.
14:24 of 3rd period - Shot Misses the Net.
14:41 of 3rd period - Minor Penalty to Teppo Numminen for Holding.
14:42 of 3rd period - Tomas Plekanec wins face-off versus Jozef Stumpel in Sharks zone.
14:56 of 3rd period - Wojtek Wolski is hit by Barret Jackman and loses puck.
15:05 of 3rd period - Shot by Jozef Stumpel.
15:05 of 3rd period - Shot Misses the Net.
15:09 of 3rd period - Shot by Wojtek Wolski.
15:09 of 3rd period - Goal by Wojtek Wolski - Avalanche : 2 - Sharks : 3.
15:10 of 3rd period - Tomas Plekanec wins face-off versus Derek Armstrong in neutral zone.
16:58 of 3rd period - Shot by Corey Perry.
16:58 of 3rd period - Shot Misses the Net.
17:52 of 3rd period - Icing by Jordan Leopold.
17:53 of 3rd period - Nik Antropov wins face-off versus Derek Armstrong in Avalanche zone.
17:53 of 3rd period - Minor Penalty to Martin Rucinsky for Hooking.
17:54 of 3rd period - Mike Modano wins face-off versus Pavel Datsyuk in Avalanche zone.
19:18 of 3rd period - Shot by Kyle Mclaren.
19:18 of 3rd period - Stopped by Martin Biron with a rebound.
19:51 of 3rd period - Minor Penalty to Ken Klee for Roughing.
19:52 of 3rd period - Pavel Datsyuk wins face-off versus Mike Modano in neutral zone.


Output by the SimonT Hockey Simulator (STHS) for Stephane Roy -- Original Page W3C XHTML 1.0 Valid